 Dungeon Crawl Stone Soup version 0.21.0 (webtiles) character file.

3772 Jganora the Blocker (level 10, -1/80 HPs)
             Began as a Gnoll Fighter on Jan 6, 2018.
             Was an Initiate of Ru.
             Killed from afar by an oklob plant (13 damage)
             ... with a splash of acid
             ... on level 6 of the Dungeon.
             The game lasted 00:08:05 (4695 turns).

Jganora the Blocker (Gnoll Fighter)                 Turns: 4695, Time: 00:08:05

Health: -1/80      AC: 12    Str: 24    XL:     10   Next: 16%
Magic:  17/17      EV:  8    Int: 11    God:    Ru [......]
Gold:   201        SH: 11    Dex: 14    Spells: 18/18 levels left

rFire    . . .     SeeInvis .   o - +1 flail (crush)
rCold    . . .     Gourm    .   c - +0 shield
rNeg     . . .     Faith    .   n - +0 chain mail {rPois}
rPois    +         Spirit   .   (no helmet)
rElec    .         Reflect  .   d - +1 cloak
rCorr    .         Harm     .   v - +1 pair of gloves
MR       +....                  (no boots)
Stlth    ..........             y - amulet of regeneration
HPRegen  0.63/turn              e - +2 ring of protection
MPRegen  0.15/turn              g - ring "Nogaoz" {MR+ Str+2}

@: corroded, heavily drained
A: distributed training, fangs 1, strong nose
a: Renounce Religion


You were on level 6 of the Dungeon.
You worshipped Ru.
Ru was noncommittal.
You were near starving.

You visited 2 branches of the dungeon, and saw 9 of its levels.
You also visited: Ossuary.

You collected 201 gold pieces.

Inventory:

Hand Weapons
 a - a +0 war axe
 i - a +2 spear of freezing
 o - a +1 flail of crushing (weapon)
Armour
 b - a +0 scale mail
 c - a +0 shield (worn)
 d - a +1 cloak (worn)
 n - a +0 chain mail of poison resistance (worn)
 v - a +1 pair of gloves (worn)
Jewellery
 e - a +2 ring of protection (left hand)
 g - the ring "Nogaoz" (right hand) {MR+ Str+2}
   (You found it on level 4 of the Dungeon)

   [ring of protection from magic]

   It affects your strength (+2).
   It affects your resistance to hostile enchantments.
 h - an uncursed ring of poison resistance
 k - a +2 ring of intelligence
 l - an uncursed amulet of guardian spirit
 y - an amulet of regeneration (around neck)
 C - an uncursed amulet of the gourmand {unknown}
 D - a cursed amulet of inaccuracy {unknown}
Wands
 t - a wand of polymorph (6)
 x - a wand of enslavement (13)
Scrolls
 m - a scroll of fear {unknown}
 q - 2 scrolls of teleportation {unknown}
 u - a scroll of identify {unknown}
 z - a scroll of enchant armour
 A - a scroll of remove curse {unknown}
Potions
 j - 3 potions of curing {unknown}
 p - a potion of might
 r - a potion of brilliance {unknown}
 s - a potion of magic {unknown}
 B - a potion of agility
 E - a potion of invisibility {unknown}
Books
 w - a book of Conjurations

   Spells                             Type                      Level
   a - Magic Dart                     Conjuration                  1
   b - Searing Ray                    Conjuration                  2
   c - Dazzling Spray                 Conjuration/Hexes            3
   d - Fulminant Prism                Conjuration/Hexes            4
   e - Force Lance                    Conjuration/Translocation    4
   f - Iskenderun's Mystic Blast      Conjuration                  4
Comestibles
 f - 11 rations


   Skills:
 + Level 8.3(6.5) Fighting
 + Level 4.9(3.3) Short Blades
 + Level 4.9(3.3) Long Blades
 + Level 6.8(5.1) Axes
 + Level 4.9(3.3) Maces & Flails
 + Level 4.9(3.3) Polearms
 + Level 4.9(3.3) Staves
 + Level 4.9(3.3) Slings
 + Level 4.9(3.3) Bows
 + Level 4.9(3.3) Crossbows
 + Level 4.9(3.3) Throwing
 + Level 8.3(6.5) Armour
 + Level 4.9(3.3) Dodging
 + Level 4.9(3.3) Stealth
 + Level 8.3(6.5) Shields
 + Level 4.9(3.3) Unarmed Combat
 + Level 4.9(3.3) Spellcasting
 + Level 4.0(2.4) Conjurations
 + Level 4.0(2.4) Hexes
 + Level 4.0(2.4) Charms
 + Level 4.0(2.4) Summonings
 + Level 4.0(2.4) Necromancy
 + Level 4.0(2.4) Translocations
 + Level 4.0(2.4) Transmutations
 + Level 4.0(2.4) Fire Magic
 + Level 4.0(2.4) Ice Magic
 + Level 4.0(2.4) Air Magic
 + Level 4.0(2.4) Earth Magic
 + Level 4.0(2.4) Poison Magic
 + Level 5.4(3.7) Invocations
 + Level 4.9(3.3) Evocations


You had 18 spell levels left.
You didn't know any spells.

Dungeon Overview and Level Annotations

Branches:
Dungeon (8/15)             Temple (1/1) D:6            Lair (0/6) D:8

Altars:
Elyvilon
Fedhas
Gozag
Makhleb
Qazlal
Ru
Trog
Uskayaw
Vehumet
Wu Jian
Xom
Zin
The Shining One

Shops:
D:5 [

Annotations:
D:5 Edmund
D:6 exclusion: oklob plant
D:8 1 runed door


Innate Abilities, Weirdness & Mutations

Your experience applies equally to all skills.
You have very sharp teeth.
Your uncanny sense of smell can sniff out nearby items.


Message History

a mace; an orc corpse
Things that are here:
a long sword; a plate armour You start resting.
HP restored.
Really walk into a travel-excluded area?
The oklob plant spits acid at you. The splash of acid hits you!
You are splashed with acid!
The acid burns!
Things that are here:
a dagger; an orc corpse The oklob plant spits acid at you.
The splash of acid hits you! The acid corrodes you!
You are splashed with acid!
The acid burns!
The oklob plant spits acid at you. The splash of acid hits you!
You are splashed with acid!
The acid burns!
* * * LOW HITPOINT WARNING * * *
You are too injured to fight recklessly!
The oklob plant spits acid at you. The splash of acid hits you!
You die...

#..P...................
#.P_P.........#<....###
#..P..........##....###
#......................
#.............##....###
##.............##....#
#
..............########
# ##..........?.# #
#.....@......#
#.....)......#
#.....)......#
#............# ###
############## #.# #.#
#.#### #..... #.####


You could see an oklob plant.

Vanquished Creatures
  A two-headed ogre (D:8)
  A hippogriff (D:7)
  2 yaks (D:8)
  2 water moccasins
  2 orc warriors
  3 porcupines (D:8)
  2 ice beasts
  A sky beast (D:8)
  2 black bears (D:8)
  A centaur (D:6)
  2 bullfrogs (D:8)
  5 scorpions
  2 killer bees (D:8)
  A howler monkey (D:5)
  3 crimson imps
  3 centaur zombies (Ossuary)
  2 bullfrog skeletons
  4 orc priests
  A hound (D:8)
  5 orc wizards
  Jessica (D:3)
  7 worker ants
  A hound zombie (D:7)
  2 hound skeletons
  2 mummies (Ossuary)
  6 adders
  A shadow imp (D:8)
  An adder zombie (Ossuary)
  A worm (D:2)
  2 dart slugs
  5 leopard geckos
  16 orcs
  4 giant cockroaches
  A goblin (D:2)
  3 hobgoblins
  4 jackals (D:8)
  2 kobolds
  3 quokkas
  A ball python (D:4)
  3 bats
  4 frilled lizards
  8 hobgoblin zombies (Ossuary)
  4 jackal zombies
  6 kobold zombies (Ossuary)
  13 orc zombies (Ossuary)
  5 rats
  3 rat zombies (Ossuary)
154 creatures vanquished.

Vanquished Creatures (others)
  35 fungi (D:8)
  19 plants (D:8)
54 creatures vanquished.

Grand Total: 208 creatures vanquished

Notes
Turn   | Place    | Note
-------+----------+-------------------------------------------
     0 | D:1      | Jganora the Gnoll Fighter began the quest for the Orb.
     0 | D:1      | Reached XP level 1. HP: 23/23 MP: 1/1
   514 | D:1      | Reached XP level 2. HP: 29/29 MP: 2/2
   668 | D:3      | Noticed Jessica
   727 | D:3      | Killed Jessica
   727 | D:3      | Reached skill level 1 in Invocations
   727 | D:3      | Reached XP level 3. HP: 25/35 MP: 1/4
   750 | D:3      | Reached skill level 1 in Short Blades
   750 | D:3      | Reached skill level 1 in Long Blades
   750 | D:3      | Reached skill level 1 in Maces & Flails
   750 | D:3      | Reached skill level 1 in Polearms
   750 | D:3      | Reached skill level 1 in Staves
   750 | D:3      | Reached skill level 1 in Slings
   750 | D:3      | Reached skill level 1 in Bows
   750 | D:3      | Reached skill level 1 in Crossbows
   750 | D:3      | Reached skill level 1 in Throwing
   750 | D:3      | Reached skill level 1 in Dodging
   750 | D:3      | Reached skill level 1 in Stealth
   750 | D:3      | Reached skill level 1 in Unarmed Combat
   750 | D:3      | Reached skill level 1 in Spellcasting
   750 | D:3      | Reached skill level 1 in Evocations
   750 | D:3      | Reached XP level 4. HP: 3/41 MP: 0/5
  1068 | D:2      | Reached skill level 1 in Conjurations
  1068 | D:2      | Reached skill level 1 in Hexes
  1068 | D:2      | Reached skill level 1 in Charms
  1068 | D:2      | Reached skill level 1 in Summonings
  1068 | D:2      | Reached skill level 1 in Necromancy
  1068 | D:2      | Reached skill level 1 in Translocations
  1068 | D:2      | Reached skill level 1 in Transmutations
  1068 | D:2      | Reached skill level 1 in Fire Magic
  1068 | D:2      | Reached skill level 1 in Ice Magic
  1068 | D:2      | Reached skill level 1 in Air Magic
  1068 | D:2      | Reached skill level 1 in Earth Magic
  1068 | D:2      | Reached skill level 1 in Poison Magic
  1099 | D:4      | Reached XP level 5. HP: 44/47 MP: 5/7
  1207 | D:4      | Reached XP level 6. HP: 42/53 MP: 8/8
  1528 | D:5      | Entered Level 5 of the Dungeon
  1533 | D:5      | Reached skill level 5 in Axes
  1537 | D:5      | Noticed Edmund
  1549 | D:4      | Got a crude marble ring
  1551 | D:4      | Identified the ring "Nogaoz" {MR+ Str+2} (You found it on level 4 of the Dungeon)
  1659 | D:5      | Found Gichyar's Armour Shop.
  1681 | D:5      | Reached XP level 7. HP: 56/59 MP: 10/10
  2062 | D:7      | Reached XP level 8. HP: 61/67 MP: 10/12
  2217 | D:7      | Found a glowing silver altar of Zin.
  2302 | D:7      | Found a sand-covered staircase.
  2309 | Ossuary  | Entered an ossuary
  2867 | D:7      | Noticed a hippogriff
  2874 | D:7      | Killed a hippogriff
  3390 | D:8      | Reached XP level 9. HP: 72/72 MP: 14/14
  3431 | D:8      | Noticed a two-headed ogre
  3454 | D:8      | Killed a two-headed ogre
  3459 | D:8      | Reached skill level 5 in Invocations
  3492 | D:8      | Reached XP level 10. HP: 43/80 MP: 15/17
  3499 | D:8      | Found a staircase to the Lair.
  3533 | D:8      | Found a runed door.
  3533 | D:8      | Noticed an ice dragon
  3535 | D:8      | Noticed a centaur warrior
  3535 | D:8      | Noticed a cyclops
  3535 | D:8      | Noticed a yaktaur captain
  3535 | D:8      | Noticed a fire dragon
  4039 | D:6      | Found a staircase to the Ecumenical Temple.
  4223 | D:6      | Found a blossoming altar of Fedhas.
  4223 | D:6      | Noticed an oklob plant
  4254 | Temple   | Entered the Ecumenical Temple
  4290 | Temple   | Became a worshipper of Ru the Awakened
  4695 | D:6      | Killed from afar by an oklob plant

Skill      XL: |  1  2  3  4  5  6  7  8  9 10 |
---------------+-------------------------------+-----
Invocations    | 1 2 3 4 5 |  5.4
Short Blades   | 1 2 3 4 |  4.9
Long Blades    | 1 2 3 4 |  4.9
Maces & Flails | 1 2 3 4 |  4.9
Polearms       | 1 2 3 4 |  4.9
Staves         | 1 2 3 4 |  4.9
Slings         | 1 2 3 4 |  4.9
Bows           | 1 2 3 4 |  4.9
Crossbows      | 1 2 3 4 |  4.9
Throwing       | 1 2 3 4 |  4.9
Dodging        | 1 2 3 4 |  4.9
Stealth        | 1 2 3 4 |  4.9
Unarmed Combat | 1 2 3 4 |  4.9
Spellcasting   | 1 2 3 4 |  4.9
Evocations     | 1 2 3 4 |  4.9
Conjurations   | 1 2 3 4 |  4.0
Hexes          | 1 2 3 4 |  4.0
Charms         | 1 2 3 4 |  4.0
Summonings     | 1 2 3 4 |  4.0
Necromancy     | 1 2 3 4 |  4.0
Translocations | 1 2 3 4 |  4.0
Transmutations | 1 2 3 4 |  4.0
Fire Magic     | 1 2 3 4 |  4.0
Ice Magic      | 1 2 3 4 |  4.0
Air Magic      | 1 2 3 4 |  4.0
Earth Magic    | 1 2 3 4 |  4.0
Poison Magic   | 1 2 3 4 |  4.0
Axes           | 5 6 |  6.8
Fighting       | 7 8 |  8.3
Armour         | 7 8 |  8.3
Shields        | 7 8 |  8.3

Action                   |  1- 3 |  4- 6 |  7- 9 | 10-12 || total
-------------------------+-------+-------+-------+-------++-------
Melee: War axe           |    24 |       |       |       ||    24
       Bite              |     8 |    17 |    59 |     7 ||    91
       Spear             |    33 |   152 |   182 |       ||   367
       Flail             |       |       |   170 |    70 ||   240
  Use: Potion            |     3 |       |     1 |       ||     4
       Scroll            |       |     1 |     1 |       ||     2
  Eat: Chunk             |       |     2 |     2 |     4 ||     8
       Ration            |       |       |     1 |       ||     1
Armor: Scale mail        |    18 |    47 |    16 |       ||    81
       Chain mail        |       |       |   118 |    39 ||   157
Dodge: Dodged            |    14 |    47 |    59 |    30 ||   150
Block: Shield            |    32 |    57 |   171 |    49 ||   309
